 Dungeon Crawl Stone Soup version 0.19.5 (webtiles) character file.

650 Kahsius the Carver (level 7, -13/85 HPs)
             Began as a Grey Draconian Berserker on Mar 6, 2017.
             Was a Priest of Trog.
             Mangled by an orc warrior
             ... wielding a +2 mace of protection
              (18 damage)
             ... on level 6 of the Dungeon.
             The game lasted 00:13:02 (3765 turns).

Kahsius the Carver (Grey Draconian Berserker)       Turns: 3765, Time: 00:13:03

Health: -13/85     AC: 13    Str: 27    XL:     7   Next: 28%
Magic:  7/7        EV: 13    Int:  7    God:    Trog [***...]
Gold:   114        SH:  0    Dex: 13    Spells: 0 memorised, 6 levels left

rFire  + . .     SeeInvis .     a - +0 falchion
rCold  . . .     Gourm    .     (armour unavailable)
rNeg   . . .     Faith    .     (no shield)
rPois  +         Spirit   .     (helmet restricted)
rElec  .         Reflect  .     (no cloak)
rCorr  .         Harm     .     u - +0 pair of gloves {Dex+3}
MR     ++...     Clarity  +     y - +0 pair of boots
Stlth  ..........               (no amulet)
                                (no ring)
                                c - ring of poison resistance

@: berserking, regenerating, very quick
A: walk through water, unfitting armour, horns 1, clarity, fire resistance 1,
poison resistance, unbreathing, cold-blooded, AC +11
a: Berserk, Trog's Hand, Burn Spellbooks, Renounce Religion


You were on level 6 of the Dungeon.
You worshipped Trog.
Trog was most pleased with you.
You were very hungry.

You visited 1 branch of the dungeon, and saw 6 of its levels.

You collected 229 gold pieces.
You spent 115 gold pieces at shops.

Inventory:

Hand Weapons
 a - a +0 falchion (weapon)
Armour
 u - a +0 pair of gloves of dexterity (worn)
 y - a +0 pair of boots (worn)
Jewellery
 c - a ring of poison resistance (left hand)
Scrolls
 e - a scroll of enchant armour
 g - a scroll of recharging {unknown}
 j - 3 scrolls of teleportation
 l - a scroll of blinking
 m - 7 scrolls of identify
 o - a scroll of magic mapping
 q - a scroll of remove curse
Potions
 f - a potion of brilliance {unknown}
 h - a potion of mutation
 i - a potion of curing
 k - a potion of flight
Comestibles
 b - 2 bread rations
 d - 2 meat rations
 p - 3 beef jerkies
 s - 2 fruits
 w - 2 slices of pizza


   Skills:
 - Level 3.2 Fighting
 + Level 8.5 Long Blades
 - Level 2.6 Dodging
 - Level 0.4 Stealth


You had 6 spell levels left.
You didn't know any spells.

Dungeon Overview and Level Annotations

Branches:
Dungeon (6/15)             Temple (0/1) D:6

Altars:
Hepliaklqana
Trog

Shops:
D:4 [


Innate Abilities, Weirdness & Mutations

You can walk through water.
Your dull iron-grey scales are very hard. (AC +11)
You cannot fit into any form of body armour.
You can survive without breathing.
You are cold-blooded and may be slowed by cold attacks.
You have a pair of small horns on your head.
You possess an exceptional clarity of mind.
Your flesh is heat resistant. (rF+)
Your system is resistant to poisons. (rPois)


Message History

* * * LOW HITPOINT WARNING * * *
You are too berserk!
You barely miss something. You tail-slap something.
You hit the orc warrior but do no damage.
The orc warrior is lightly wounded.
Something hits you but does no damage.
The orc warrior hits you with a mace of protection!
* * * LOW HITPOINT WARNING * * *
You barely miss the orc warrior. Your headbutt misses the orc warrior.
Your tail-slap misses the orc warrior.
The orc warrior is lightly wounded.
Something hits you.
* * * LOW HITPOINT WARNING * * *
You barely miss the orc warrior. Your headbutt misses the orc warrior.
The orc warrior is lightly wounded.
Something hits you but does no damage.
You barely miss the orc warrior.
Your tail-slap misses the orc warrior.
The orc warrior is lightly wounded.
The orc warrior hits you with a mace of protection!!
You die...

#### ### #.. #.# #o#
####{## #..o@{# #####
#.....# #...#
#.....########...####
#.....'......'...'..#
#...(.########...##.#
#.....# #......#
#.....# #....#.รท
#.....# #....#.#
#....[# #....#.#


You could see an orc warrior and an orc.

Vanquished Creatures
  A water moccasin (D:6)
  A phantom (D:5)
  A big kobold (D:4)
  A howler monkey (D:4)
  A centaur zombie (D:5)
  2 jellies
  A hound (D:6)
  An iguana (D:5)
  2 worker ants
  7 adders
  A shadow imp (D:5)
  2 oozes
  A worm (D:3)
  2 dart slugs
  2 leopard geckos
  6 orcs
  6 bats
  3 giant cockroaches
  11 goblins
  6 hobgoblins
  6 jackals
  2 quokkas (D:5)
  4 frilled lizards (D:1)
  A giant cockroach zombie (D:5)
  A jackal zombie (D:5)
  5 kobolds
  A leopard gecko skeleton (D:6)
  5 rats
83 creatures vanquished.

Notes
Turn   | Place    | Note
-------+----------+-------------------------------------------
     0 | D:1      | Kahsius the Draconian Berserker began the quest for the Orb.
     0 | D:1      | Reached XP level 1. HP: 19/19 MP: 1/1
   162 | D:1      | Reached XP level 2. HP: 26/26 MP: 2/2
   696 | D:1      | Reached skill level 4 in Long Blades
   944 | D:2      | Reached XP level 3. HP: 26/31 MP: 3/3
  1106 | D:2      | Reached ** piety under Trog
  1549 | D:3      | Found a bloodstained altar of Trog.
  1592 | D:3      | Reached XP level 4. HP: 37/38 MP: 4/4
  1693 | D:3      | Reached skill level 5 in Long Blades
  1804 | D:3      | Found a hazy altar of Hepliaklqana.
  1911 | D:4      | Found Rerad's Armour Emporium.
  1926 | D:4      | Bought a +0 pair of gloves of dexterity for 115 gold pieces
  2404 | D:4      | Noticed a big kobold
  2424 | D:4      | Killed a big kobold
  2424 | D:4      | Reached skill level 6 in Long Blades
  2424 | D:4      | Reached XP level 5. HP: 36/45 MP: 5/5
  2780 | D:5      | Entered Level 5 of the Dungeon
  2780 | D:5      | Noticed a phantom
  2806 | D:5      | Killed a phantom
  2806 | D:5      | Reached skill level 7 in Long Blades
  2806 | D:5      | Reached XP level 6. HP: 45/51 MP: 6/6
  3043 | D:5      | Gained mutation: Your flesh is heat resistant. (rF+) [potion of mutation]
  3043 | D:5      | Gained mutation: Your system is resistant to poisons. (rPois) [potion of mutation]
  3043 | D:5      | Gained mutation: You have a pair of small horns on your head. [potion of mutation]
  3054 | D:5      | Gained mutation: You possess an exceptional clarity of mind. [potion of beneficial mutation]
  3236 | D:5      | Reached *** piety under Trog
  3479 | D:6      | Noticed a water moccasin
  3486 | D:6      | Killed a water moccasin
  3486 | D:6      | Reached skill level 8 in Long Blades
  3486 | D:6      | Your scales start taking on a dull iron-grey colour.
  3486 | D:6      | Reached XP level 7. HP: 42/57 MP: 7/7
  3486 | D:6      | Gained mutation: You can survive without breathing. [Grey Draconian growth]
  3677 | D:6      | Found a staircase to the Ecumenical Temple.
  3762 | D:6      | HP: 4/85 [orc warrior/mace of protection (7)]
  3765 | D:6      | Mangled by an orc warrior

Skill      XL: |  1  2  3  4  5  6 |
---------------+-------------------+-----
Long Blades    | 4 6 7 8 |  8.5
Fighting       | |  3.2
Dodging        | |  2.6
Stealth        | |  0.4

Action                   |  1- 3 |  4- 6 |  7- 9 || total
-------------------------+-------+-------+-------++-------
Melee: Falchion          |   116 |   153 |    32 ||   301
       Tailslap          |    13 |    26 |     7 ||    46
       Headbutt          |       |     7 |     6 ||    13
Invok: Berserk           |       |       |     1 ||     1
       Trog's Hand       |       |       |     1 ||     1
  Use: Scroll            |     9 |     3 |       ||    12
       Potion            |       |     9 |       ||     9
 Stab: Sleeping          |       |     3 |       ||     3
  Eat: Chunk             |     2 |     2 |       ||     4
       Bread ration      |       |     1 |       ||     1
       Pizza             |       |       |     1 ||     1
Armor: Skin              |    49 |    57 |    11 ||   117
Dodge: Dodged            |    83 |   100 |    16 ||   199
       Rpst.: Falchion   |    26 |    33 |     5 ||    64
